 Dungeon Crawl Stone Soup version 0.29-a0-284-gf9362112df (webtiles) character file.

Game seed: 15275239523323013129

100 yunder69 the Skirmisher (level 4, -3/41 HPs)
             Began as a Minotaur Berserker on Mar 25, 2022.
             Was a Believer of Trog.
             Killed by nerve-wracking pain
             ... invoked by Jessica
              (11 damage)
             ... on level 3 of the Dungeon.
             The game lasted 00:05:44 (2243 turns).

yunder69 the Skirmisher (Minotaur Berserker)        Turns: 2243, Time: 00:05:44

Health: -3/41      AC:  5    Str: 22    XL:     4   Next: 47%
Magic:  3/3        EV: 11    Int:  6    God:    Trog [**....]
Gold:   127        SH:  0    Dex:  9    Spells: 3/3 levels left

rFire   . . .      SeeInvis .   a - +0 spear
rCold   . . .      Faith    .   (no shield)
rNeg    . . .      Spirit   .   e - +0 ring mail
rPois   .          Reflect  .   (helmet restricted)
rElec   .          Harm     .   (no cloak)
rCorr   .          Rampage  .   (no gloves)
Will    .....                   (no boots)
Stlth   ..........              (no amulet)
HPRegen 0.13/turn               (no ring)
MPRegen 0.08/turn               (no ring)

@: on berserk cooldown, slowed, very slow
A: horns 2, retaliatory headbutt
a: Renounce Religion, Berserk, Trog's Hand


You were on level 3 of the Dungeon.
You worshipped Trog.
Trog was pleased with you.
You visited 1 branch of the dungeon, and saw 3 of its levels.

You collected 127 gold pieces.

Inventory:

Hand Weapons
 a - a +0 spear (weapon)
 f - a +0 spear
 g - a +0 spear
 q - a +0 mace of protection
Armour
 b - a +0 animal skin
 e - a +0 ring mail (worn)
Wands
 r - a wand of flame (16)
Scrolls
 i - 2 scrolls of teleportation {unknown}
 j - a scroll of blinking {unknown}
 k - 2 scrolls of identify {unknown}
 m - a scroll of noise {unknown}
 o - a scroll of enchant weapon {unknown}
Potions
 c - 2 potions of curing {unknown}
 d - 2 potions of flight {unknown}
 h - a potion of lignification {unknown}
 l - 2 potions of haste {unknown}
 n - a potion of might {unknown}
 p - a potion of brilliance {unknown}


   Skills:
 + Level 4.5 Fighting
 + Level 4.4 Polearms
 + Level 3.5 Armour
 + Level 3.2 Dodging


You had 3 spell levels left.
You didn't know any spells.
Your spell library was empty.

Dungeon Overview and Level Annotations

Branches:
Dungeon (3/15)

Altars:

Shops:
D:1 [

Annotations:
D:3 2 runed translucent doors, IdlyInterested's ghost, amateur DsFi; Jessica


Innate Abilities, Weirdness & Mutations

You have a pair of horns on your head.
You reflexively headbutt those who attack you in melee.


Message History

The gnoll is severely wounded.
Unknown command.
Reach: a) +0 spear
Press: ? - help, Dir - move target, f/p - gnoll
Aim: a gnoll, wielding a +0 halberd (severely wounded, about 35% to evade your +0 spear)
You reach to attack!
You barely miss the gnoll.
The gnoll is severely wounded.
The gnoll misses you.
Reach: a) +0 spear
Press: ? - help, Dir - move target, f/p - gnoll
Aim: a gnoll, wielding a +0 halberd (severely wounded, about 35% to evade your +0 spear)
You reach to attack!
You barely miss the gnoll.
The gnoll is severely wounded.
Reach: a) +0 spear
Press: ? - help, Dir - move target, f/p - gnoll
Aim: a gnoll, wielding a +0 halberd (severely wounded, about 35% to evade your +0 spear)
You reach to attack!
You puncture the gnoll!
You kill the gnoll!
Trog accepts your kill.
You feel a strong urge to attack something.
Jessica says, "Why did you come here?"
Jessica zaps a wand.
The puff of flame hits you!
* * * LOW HITPOINT WARNING * * *
You are no longer berserk.
You are exhausted.
You feel yourself slow down.
Jessica shouts, "I don't like beings like you!"
Jessica gestures at you while chanting.
You feel as though you will be slow longer.
Jessica zaps a wand.
The puff of flame misses you.
Jessica shouts, "You're disturbing me!
I'll have to kill you!"
Jessica zaps a wand.
The puff of flame hits you.
* * * LOW HITPOINT WARNING * * *
Jessica zaps a wand.
The puff of flame hits you.
* * * LOW HITPOINT WARNING * * *
Jessica mumbles some strange words.
Jessica seems to speed up.
Jessica points at you and mumbles some strange words.
Pain shoots through your body!
You die...

##.....## #.......#
#.......# #####.......#
########.......>..##
####........###.......#
.....######## #.......#
###### #.......#
##@....## ##.....##
#..##### ##@## #..#
#.## .######.##
.........# .........#


You could see Jessica (fast).

Vanquished Creatures
  5 gnolls
  2 dart slugs
  4 bats
  2 endoplasms
  2 giant cockroaches
  8 goblins
  4 hobgoblins
  5 kobolds
  2 quokkas (D:2)
  4 ball pythons
  6 frilled lizards
  3 rats
47 creatures vanquished.

Notes
Turn   | Place    | Note
-------+----------+-------------------------------------------
     0 | D:1      | yunder69 the Minotaur Berserker began the quest for the
                  | Orb.
     0 | D:1      | Reached XP level 1. HP: 19/19 MP: 0/0
    82 | D:1      | Reached XP level 2. HP: 11/27 MP: 1/1
   824 | D:1      | Found a faded altar of an unknown god.
   866 | D:1      | Reached XP level 3. HP: 27/33 MP: 2/2
  1348 | D:1      | Found Tuirphae's Antique Armour Emporium.
  1758 | D:2      | Reached ** piety under Trog
  2213 | D:3      | Found a runed translucent gate.
  2213 | D:3      | Found a runed translucent gate.
  2213 | D:3      | Noticed IdlyInterested's ghost (amateur DsFi)
  2214 | D:3      | Noticed a kobold brigand
  2222 | D:3      | Reached XP level 4. HP: 31/41 MP: 3/3
  2225 | D:3      | Noticed Jessica
  2243 | D:3      | Killed from afar by Jessica

Illustrated notes

Levels and vault maps discovered:
D:1:      wander_arrival_chamber, layout_basic, serial_shops,
          nicolae_shop_stone, chequers_ecumenical_altar_island
D:2:      layout_rooms
D:3:      layout_rooms, mainiacjoe_overflow_tiny_flanked,
          mainiacjoe_overflow_catch_the_wave, gammafunk_ghost_nasty_kobolds,
          uniq_robin, uniq_jessica

Skill      XL: |  1  2  3 |
---------------+----------+-----
Fighting       | 4 |  4.5
Polearms       | 4 |  4.4
Armour         | 3 |  3.5
Dodging        | 3 |  3.2

Action                   |  1- 3 |  4- 6 || total
-------------------------+-------+-------++-------
Melee: Spear             |   121 |     8 ||   129
       Headbutt          |     7 |       ||     7
Invok: Berserk           |     3 |       ||     3
 Stab: Sleeping          |     1 |       ||     1
Armor: Animal skin       |     6 |       ||     6
       Ring mail         |    17 |       ||    17
Dodge: Dodged            |    43 |     4 ||    47

Table legend: (Time is in decaauts)
 A = Elapsed time spent in this place.
 B = Non-inter-level travel time spent in this place.
 C = Inter-level travel time spent in this place.
 D = Time resting spent in this place.
 E = Time spent auto-exploring this place.
 F = Levels seen in this place.
 G = Mean time per level.
                   A        B        C        D        E       F      G
               +--------+--------+--------+--------+--------+-----+--------+
         Total |   2254 |   1945 |    309 |    650 |    996 |   3 |  751.3 |
       Dungeon |   2254 |   1945 |    309 |    650 |    996 |   3 |  751.3 |
               +--------+--------+--------+--------+--------+-----+--------+

Top non-repeatable levels by time:
     D:1: 1572 daAuts
     D:2: 551 daAuts
     D:3: 130 daAuts
